 Dungeon Crawl Stone Soup version 0.27-a0-650-g8dd3ea4f36 (webtiles) character file.

Game seed: 17550881048694770836

74 bronco the Caller (level 4, -17/32 HPs)
             Began as a Gnoll Summoner on Mar 15, 2021.
             Demolished by Sigmund
             ... wielding a +4 scythe of holy wrath
              (18 damage)
             ... on level 2 of the Dungeon.
             The game lasted 00:07:59 (2363 turns).

bronco the Caller (Gnoll Summoner)                  Turns: 2363, Time: 00:08:00

Health: -17/32     AC:  6    Str:  6 (8)  XL:     4   Next: 28%
Magic:  1/11       EV: 13    Int: 12 (14) God:
Gold:   79         SH:  0    Dex: 12 (13) Spells: 4/13 levels left

rFire    . . .     SeeInvis .   h - +0 spear
rCold    . . .     Faith    .   (no shield)
rNeg     . . .     Spirit   .   a - +0 robe
rPois    .         Reflect  .   (no helmet)
rElec    .         Harm     .   (no cloak)
rCorr    .         Rampage  .   (no gloves)
Will     .....                  (no boots)
Stlth    ++........             (no amulet)
HPRegen  0.10/turn              k - +4 ring of protection
MPRegen  0.12/turn              (no ring)

@: no status effects
A: fangs 1, strong nose, distributed training
a: no special abilities


You were on level 2 of the Dungeon.
You visited 1 branch of the dungeon, and saw 2 of its levels.

You collected 79 gold pieces.

Inventory:

Hand Weapons
 h - a +0 spear (weapon)
Missiles
 e - 25 poisoned darts (quivered)
 g - 67 stones
 i - 2 curare-tipped darts
Armour
 a - a +0 robe (worn)
Jewellery
 k - a +4 ring of protection (right hand)
Scrolls
 b - 4 scrolls of identify
 c - a scroll of noise
 d - a scroll of teleportation
Potions
 f - a potion of degeneration


   Skills:
 + Level 1.1 Fighting
 + Level 1.1 Short Blades
 + Level 1.1 Long Blades
 + Level 1.1 Axes
 + Level 1.1 Maces & Flails
 + Level 1.1 Polearms
 + Level 1.1 Staves
 + Level 1.1 Slings
 + Level 1.1 Bows
 + Level 1.1 Crossbows
 + Level 1.1 Throwing
 + Level 1.1 Armour
 + Level 4.6 Dodging
 + Level 4.2 Stealth
 + Level 1.1 Shields
 + Level 1.1 Unarmed Combat
 + Level 5.0 Spellcasting
 + Level 0.8 Conjurations
 + Level 0.8 Hexes
 + Level 7.1 Summonings
 + Level 0.8 Necromancy
 + Level 0.8 Translocations
 + Level 0.8 Transmutations
 + Level 0.8 Fire Magic
 + Level 0.8 Ice Magic
 + Level 0.8 Air Magic
 + Level 0.8 Earth Magic
 + Level 0.8 Poison Magic
 + Level 1.2 Invocations
 + Level 1.1 Evocations


You had 4 spell levels left.
You knew the following spells:

 Your Spells              Type           Power      Damage    Failure   Level
a - Summon Small Mammal   Summ           80%        N/A       1%          1
b - Call Imp              Summ           20%        N/A       1%          2
c - Call Canine Familiar  Summ           20%        N/A       3%          3
d - Summon Guardian Gole  Hex/Summ       12%        N/A       12%         3

Your spell library contained the following spells:

 Spells                   Type           Power      Damage    Failure   Level
 Summon Ice Beast         Ice/Summ       12%        N/A       36%         4
 Summon Lightning Spire   Summ/Air       12%        N/A       36%         4


Dungeon Overview and Level Annotations

Branches:
Dungeon (2/15)

Altars:

Annotations:
D:2 Sigmund


Innate Abilities, Weirdness & Mutations

You have very sharp teeth.
Your uncanny sense of smell can sniff out nearby items.
Your experience applies equally to all skills.


Message History

Your white imp hits Sigmund but does no damage.
Sigmund hits your white imp with a +4 scythe of holy wrath!
Your white imp dies!
Sigmund shouts!
Reach: h) +0 spear
Press: ? - help, Dir - move target, f - Sigmund
Aim: Sigmund, wielding a +4 scythe of holy wrath and wearing a +2 robe of cold resistance (severely wounded, ally target, about 45% to evade your +0 spear)
You reach to attack!
You barely miss Sigmund.
Sigmund is severely wounded.
Sigmund hits you but does no damage.
Your crimson imp barely misses Sigmund.
Reach: h) +0 spear
Press: ? - help, Dir - move target, f/p - Sigmund
Aim: Sigmund, wielding a +4 scythe of holy wrath and wearing a +2 robe of cold resistance (severely wounded, ally target, about 45% to evade your +0 spear)
You could not reach far enough!
Sigmund hits you from afar with a +4 scythe of holy wrath.
* * * LOW HITPOINT WARNING * * *
Your crimson imp hits Sigmund.
Reach: h) +0 spear
Press: ? - help, Dir - move target, f/p - Sigmund
Aim: Sigmund, wielding a +4 scythe of holy wrath and wearing a +2 robe of cold resistance (severely wounded, ally target, about 45% to evade your +0 spear)
You could not reach far enough!
Sigmund gestures at himself while chanting.
Sigmund flickers and vanishes!
Deactivating autopickup; reactivate with Ctrl-A.
You cannot teleport because you are held in place by your roots.
Unknown command.
Reach: h) +0 spear
Press: ? - help, Dir - move target You reach to attack!
You closely miss something. Something completely misses you.
Reach: h) +0 spear
Press: ? - help, Dir - move target You could not reach far enough!
Something hits you but does no damage. x2
Reach: h) +0 spear
Press: ? - help, Dir - move target You reach to attack!
You hit something.
You feel less wooden.
Your +0 robe unmelds from your body.
Something hits you!!
Ouch! That really hurt!
You die...

..#.#..##.#.#
.)#.........#
.......###### ##
######## #. #. #.
####### #♣♣ #. #....)#
..♣♣ ∆
#.#########.###.#
...♣♣ #.@5........#
#.# ....♣
#5#########.###.#
...♣.♣ #{ #.....# #♣♣♣
#( ###.### ## ##...##
# ##################
#..##.#
#####.......#.##.....#
#...#)#
......##.##.#.##.....#
#.#.#.#
......##.##..........#
##.†.##


You could see 2 friendly crimson imps.

Vanquished Creatures
  A worker ant (D:2)
  An ooze (D:2)
  A dart slug (D:2)
  A leopard gecko (D:2)
  2 bats (D:2)
  3 giant cockroaches
  A goblin (D:2)
  3 hobgoblins
  A kobold (D:1)
  A rat (D:2)
15 creatures vanquished.

Vanquished Creatures (collateral kills)
  Terence (D:2)
  2 adders (D:2)
  A gnoll (D:1)
  A ball python (D:2)
  A bat (D:1)
  A goblin (D:2)
  2 hobgoblins (D:1)
  3 frilled lizards
  4 kobolds
  A rat (D:2)
17 creatures vanquished.

Grand Total: 32 creatures vanquished

Notes
Turn   | Place    | Note
-------+----------+-------------------------------------------
     0 | D:1      | bronco the Gnoll Summoner began the quest for the Orb.
     0 | D:1      | Reached XP level 1. HP: 13/13 MP: 6/6
   356 | D:1      | Reached XP level 2. HP: 9/19 MP: 5/7
  1721 | D:2      | Reached XP level 3. HP: 25/25 MP: 7/9
  1801 | D:2      | Reached skill level 5 in Spellcasting
  1860 | D:2      | Learned a level 2 spell: Call Imp
  1864 | D:2      | Learned a level 3 spell: Call Canine Familiar
  1868 | D:2      | Learned a level 3 spell: Summon Guardian Golem
  1906 | D:2      | Reached skill level 1 in Invocations
  2194 | D:2      | Reached skill level 1 in Fighting
  2194 | D:2      | Reached skill level 1 in Short Blades
  2194 | D:2      | Reached skill level 1 in Long Blades
  2194 | D:2      | Reached skill level 1 in Axes
  2194 | D:2      | Reached skill level 1 in Maces & Flails
  2194 | D:2      | Reached skill level 1 in Polearms
  2194 | D:2      | Reached skill level 1 in Staves
  2194 | D:2      | Reached skill level 1 in Slings
  2194 | D:2      | Reached skill level 1 in Bows
  2194 | D:2      | Reached skill level 1 in Crossbows
  2194 | D:2      | Reached skill level 1 in Throwing
  2194 | D:2      | Reached skill level 1 in Armour
  2194 | D:2      | Reached skill level 1 in Shields
  2194 | D:2      | Reached skill level 1 in Unarmed Combat
  2194 | D:2      | Reached skill level 1 in Evocations
  2235 | D:2      | Noticed Terence
  2249 | D:2      | Killed Terence
  2250 | D:2      | Reached XP level 4. HP: 32/32 MP: 8/11
  2299 | D:2      | Noticed Sigmund
  2355 | D:2      | HP: 2/48 [Sigmund/+4 scythe of holy wrath (10)]
  2363 | D:2      | Demolished by Sigmund

Illustrated notes

Levels and vault maps discovered:
D:1:      minmay_arrival_nine_rooms, layout_basic
D:2:      layout_loops_cross, uniq_crazy_yiuf_cottage, uniq_terence,
          uniq_sigmund

Skill      XL: |  1  2  3 |
---------------+----------+-----
Spellcasting   | 5 |  5.0
Invocations    | 1 |  1.2
Fighting       | 1 |  1.1
Short Blades   | 1 |  1.1
Long Blades    | 1 |  1.1
Axes           | 1 |  1.1
Maces & Flails | 1 |  1.1
Polearms       | 1 |  1.1
Staves         | 1 |  1.1
Slings         | 1 |  1.1
Bows           | 1 |  1.1
Crossbows      | 1 |  1.1
Throwing       | 1 |  1.1
Armour         | 1 |  1.1
Shields        | 1 |  1.1
Unarmed Combat | 1 |  1.1
Evocations     | 1 |  1.1
Dodging        | |  4.6
Stealth        | |  4.2
Conjurations   | |  0.8
Hexes          | |  0.8
Summonings     | |  7.1
Necromancy     | |  0.8
Translocations | |  0.8
Transmutations | |  0.8
Fire Magic     | |  0.8
Ice Magic      | |  0.8
Air Magic      | |  0.8
Earth Magic    | |  0.8
Poison Magic   | |  0.8

Action                   |  1- 3 |  4- 6 || total
-------------------------+-------+-------++-------
Melee: Hand axe          |    10 |       ||    10
       Spear             |    80 |    20 ||   100
       Bite              |     2 |     1 ||     3
Throw: Dart              |     1 |     2 ||     3
 Cast: Summon Small Mamm |    32 |     1 ||    33
       Call Imp          |     1 |     5 ||     6
       Call Canine Famil |     1 |     2 ||     3
  Use: Potion            |       |     3 ||     3
       Scroll            |       |     2 ||     2
 Stab: Sleeping          |     1 |       ||     1
Armor: Robe              |    13 |       ||    13
       Skin              |       |    27 ||    27
Dodge: Dodged            |    44 |     6 ||    50

Table legend: (Time is in decaauts)
 A = Elapsed time spent in this place.
 B = Non-inter-level travel time spent in this place.
 C = Inter-level travel time spent in this place.
 D = Time resting spent in this place.
 E = Time spent auto-exploring this place.
 F = Levels seen in this place.
 G = Mean time per level.
                   A        B        C        D        E       F      G
               +--------+--------+--------+--------+--------+-----+--------+
         Total |   2372 |   2359 |     13 |      0 |   1991 |   2 | 1186.0 |
       Dungeon |   2372 |   2359 |     13 |      0 |   1991 |   2 | 1186.0 |
               +--------+--------+--------+--------+--------+-----+--------+

Top non-repeatable levels by time:
     D:2: 1217 daAuts
     D:1: 1155 daAuts
